AoeStats
← Chiripa605

Nomad

509218515Analyzed
4v4 RM · 5d ago on Sep 25, 2026· 51m 44s· 8 players
Game mode
Random Map
Map size
231×231
Population
200
Speed
Normal
Resources
Standard
Victory
Conquest
Starting age
Dark Age
Ending age
Imperial Age
RankedLock teamsTeams togetherTeam positionsShared explorationLock speedFull tech treeHidden civsTurbo modeCheats
Victory
Defeat
🇧🇷 Huns · Brazil
1418
+16
🇺🇸 Armenians · United States
1391
+17
🇪🇸 Spanish · Spain
1368
+18
🇺🇸 Malians · United States
1355
+20
🇨🇳 Cumans · China
1449
-19
🇦🇷 Mongols · Argentina
1445
-18
🇭🇰 Persians · Hong Kong SAR China
1418
-18
🇦🇷 Varangians · Argentina
1379
-16
meh
12:27 Feudal Age
11:50 Loom
16:02 Town Watch
18:42 Castle Age
17:09 Fletching
20:11 Wheelbarrow
25:17 Gold Mining
25:20 Stone Mining
25:15 Double-Bit Axe
28:06 Bodkin Arrow
33:56 Bow Saw
35:20 Padded Archer Armor
38:24 Forging
39:54 Fishing Lines
41:59 Horse Collar
43:17 Ballistics
43:31 Hand Cart
47:16 Gold Mining
48:05 Heavy Plow
52:30 Imperial Age
51:31 Town Patrol
52:18 Gold Shaft Mining
51:48 Scale Mail Armor
52:23 Iron Casting
52:08 Leather Archer Armor
Chiripa605
3:23 Loom
14:01 Feudal Age
15:08 Double-Bit Axe
20:23 Castle Age
19:03 Forging
19:23 Scale Mail Armor
20:03 Gold Mining
20:14 Fishing Lines
21:21 Medium Warships
21:36 Bow Saw
24:26 Wheelbarrow
26:32 Horse Collar
27:58 Chain Mail Armor
28:48 Iron Casting
30:08 Fletching
31:51 Squires
33:21 Bodkin Arrow
34:30 Gold Shaft Mining
35:58 Ballistics
38:50 Imperial Age
39:04 Tigui
39:13 Arson
40:13 Plate Mail Armor
40:56 Conscription
41:15 Elite Gbeto
41:24 Elite Gbeto
44:03 Heavy Warships
47:37 Masonry
47:45 Murder Holes
48:25 Hand Cart
51:05 Clinker Construction
50:46 Demolition Ship
MaverickGG1403
5:03 Loom
13:11 Feudal Age
17:39 Castle Age
16:08 Stone Mining
21:14 Fishing Lines
22:25 Scale Barding Armor
22:37 Double-Bit Axe
27:27 Town Watch
32:46 Imperial Age
31:04 Chain Barding Armor
31:03 Husbandry
33:54 Conscription
35:13 Plate Barding Armor
35:03 Bow Saw
34:58 Horse Collar
43:44 Bloodlines
46:41 Forging
47:35 Light Cavalry
48:52 Iron Casting
49:50 Wheelbarrow
50:18 Two-Man Saw
49:19 Heavy Plow
49:10 Gold Mining
49:09 Elite Conquistador
52:01 Fletching
Perseu
7:16 Loom
14:38 Feudal Age
16:08 Double-Bit Axe
18:44 Castle Age
16:36 Fishing Lines
17:17 Gold Mining
18:17 Fletching
19:27 Bodkin Arrow
19:43 Bow Saw
21:34 Wheelbarrow
22:39 Padded Archer Armor
23:36 Leather Archer Armor
23:33 Bloodlines
24:38 Ballistics
24:40 Husbandry
25:44 Gold Shaft Mining
27:10 Horse Collar
31:15 Medium Warships
31:27 Gillnets
38:04 Imperial Age
36:20 Hand Cart
35:51 Town Watch
36:48 Scale Barding Armor
36:54 Forging
38:23 Chain Barding Armor
39:14 Iron Casting
38:48 Bracer
40:09 Chemistry
38:44 Cavalier
40:01 Plate Barding Armor
41:15 Conscription
44:03 Blast Furnace
43:20 Paladin
46:19 Two-Man Saw
45:42 Heavy Plow
Mr_Yo Yi
8:55 Loom
13:08 Feudal Age
17:42 Castle Age
16:06 Double-Bit Axe
18:48 Bow Saw
18:19 Horse Collar
31:11 Wheelbarrow
30:50 Bloodlines
30:40 Husbandry
35:49 Imperial Age
34:08 Heavy Plow
34:40 Gold Mining
35:04 Scale Barding Armor
36:23 Chain Barding Armor
37:32 Conscription
40:16 Plate Barding Armor
40:51 Ballistics
41:26 Forging
46:13 Hand Cart
Chauchh
5:19 Loom
12:14 Feudal Age
17:07 Castle Age
16:13 Fletching
16:42 Double-Bit Axe
18:05 Bodkin Arrow
一串数字
4:46 Loom
14:38 Feudal Age
15:20 Double-Bit Axe
15:19 Horse Collar
16:41 Wheelbarrow
18:07 Town Watch
21:26 Castle Age
19:24 Gold Mining
21:01 Scale Barding Armor
21:06 Forging
21:37 Bloodlines
23:48 Chain Barding Armor
25:03 Iron Casting
40:29 Fletching
41:17 Iron Casting
44:43 Imperial Age
43:40 Hand Cart
44:27 Bow Saw
44:19 Heavy Plow
45:36 Gold Shaft Mining
45:09 Elite Steppe Lancer
46:45 Plate Barding Armor
47:49 Blast Furnace
明月清风
6:50 Loom
13:33 Feudal Age
14:53 Town Watch
18:08 Castle Age
16:54 Double-Bit Axe
18:15 Gold Mining
19:55 Medium Warships
20:12 Forging
20:49 Bow Saw
20:20 Horse Collar
21:06 Fishing Lines
22:44 Iron Casting
23:58 Careening
24:05 Clinker Construction
25:16 Wheelbarrow
25:18 Stone Mining
26:39 Gillnets
32:00 Imperial Age
29:48 Hand Cart
32:00 Scale Barding Armor
32:57 Heavy Warships
33:18 Gold Shaft Mining
33:47 Bloodlines
33:39 Husbandry
34:00 Chain Barding Armor
34:41 Blast Furnace
33:49 Cavalier
36:25 Plate Barding Armor
36:20 Savar
43:29 Guilds
46:47 Conscription
50:39 Fletching
Connection lost

Rejoining the realm…

Still unreachable

The connection could not be restored.

Session expired

The server has moved on; the page needs a fresh start.